 Dungeon Crawl Stone Soup version 0.27-a0-1071-ga85bd9520d (webtiles) character file.

Game seed: 16564638258863991918

5 Anon1729 the Shooter (level 1, -1/12 HPs)
             Began as a Tengu Hunter on Apr 24, 2021.
             Was a Follower of Uskayaw.
             Slain by a quokka (3 damage)
             ... on level 1 of the Dungeon.
             The game lasted 00:00:43 (235 turns).

Anon1729 the Shooter (Tengu Hunter)                  Turns: 235, Time: 00:00:44

Health: -1/12      AC:  3    Str: 12    XL:     1   Next: 80%
Magic:  2/2        EV: 27    Int: 11    God:    Uskayaw [*.....]
Gold:   4          SH:  0    Dex: 14    Spells: 0/0 levels left

rFire    . . .     SeeInvis .   b - +0 short sword
rCold    . . .     Faith    .   (no shield)
rNeg     . . .     Spirit   .   c - +0 leather armour
rPois    .         Reflect  .   (helmet restricted)
rElec    .         Harm     .   (no cloak)
rCorr    .         Rampage  .   (no gloves)
Will     .....                  (boots unavailable)
Stlth    +.........             f - amulet of the acrobat
HPRegen  0.04/turn              (no ring)
MPRegen  0.08/turn              (no ring)

@: acrobatic
A: beak, talons 3
a: Renounce Religion, Stomp


You were on level 1 of the Dungeon.
You worshipped Uskayaw.
Uskayaw was noncommittal.
You visited 1 branch of the dungeon, and saw 1 of its levels.

You collected 4 gold pieces.

Inventory:

Hand Weapons
 a - a +1 shortbow
 b - a +0 short sword (weapon)
Missiles
 d - 20 arrows
Armour
 c - a +0 leather armour (worn)
Jewellery
 f - an amulet of the acrobat (around neck)
Potions
 e - a potion of curing {unknown}


   Skills:
 + Level 2.1 Fighting
 * Level 4.5 Bows
 + Level 2.3 Dodging
 + Level 1.2 Stealth


You couldn't memorise any spells.
You didn't know any spells.
Your spell library was empty.

Dungeon Overview and Level Annotations

Branches:
Dungeon (1/15)

Altars:
Uskayaw


Innate Abilities, Weirdness & Mutations

You have a beak for a mouth.
You have claws for feet.


Message History

Keep equipping yourself?
The ball python misses you.
You continue putting on your amulet of the acrobat.
The dart slug barely misses you. The ball python misses you.
The ball python grabs you. The ball python constricts you.
You continue putting on your amulet of the acrobat.
The ball python bites you. The ball python constricts you.
The dart slug launches a dart at you. The slug dart hits you!
Ouch! That really hurt!
* * * LOW HITPOINT WARNING * * *
You continue putting on your amulet of the acrobat.
The ball python bites you but does no damage.
The ball python constricts you.
You finish putting on your amulet of the acrobat.
You feel ready to tumble and roll out of harm's way.
f - an amulet of the acrobat (around neck)
You escape the ball python's grasp.
You barely miss the ball python. The ball python closely misses you.
The ball python barely misses you. x3
You closely miss the ball python. The ball python closely misses you.
The ball python barely misses you.
You closely miss the ball python.
The ball python bites you but does no damage.
The ball python closely misses you. The ball python bites you.
* * * LOW HITPOINT WARNING * * *
The ball python barely misses you.
You hit the ball python. Your kick misses the ball python.
You peck the ball python.
You kill the ball python!
The dart slug launches a dart at you. The slug dart misses you.
A quokka comes into view.
The dart slug launches a dart at you. The slug dart misses you.
The quokka completely misses you. The quokka completely misses you.
You see here a rat corpse.
The quokka bites you.
You die...

........# .........# #.....#
#.###...# .........##### #....†#
#.......# .............###.....#
#.......# ..........#..........#
.....w.###
..........#.......####
.........# .........##.......#
#...#....# ####...>.........#
#._.#....#########.###.......###
#.........w.†..r@..............#
..........########.##.#...#....#
.##.......# #........#....#
..........# .#####...######
###....#### . ##### #...... .
#....## #. #....#


You could see a dart slug and a quokka.

Vanquished Creatures
  A ball python (D:1)
  A bat (D:1)
  A quokka (D:1)
  A frilled lizard (D:1)
  A rat (D:1)
5 creatures vanquished.

Notes
Turn   | Place    | Note
-------+----------+-------------------------------------------
     0 | D:1      | Anon1729 the Tengu Hunter began the quest for the Orb.
     0 | D:1      | Reached XP level 1. HP: 12/12 MP: 2/2
   162 | D:1      | Found a faded altar of an unknown god.
   176 | D:1      | Became a worshipper of Uskayaw the Reveller
   176 | D:1      | Reached * piety under Uskayaw
   235 | D:1      | Slain by a quokka

Illustrated notes

Levels and vault maps discovered:
D:1:      heliophobic_arrival_glass_houses, layout_basic,
          hellmonk_ecumenical_altar_lost_god

Action                   || total
-------------------------++-------
Melee: Short sword       ||    15
       Kick              ||     3
       Peck              ||     1
 Fire: Shortbow          ||     1
Armor: Leather armour    ||     7
Dodge: Dodged            ||    20

Table legend: (Time is in decaauts)
 A = Elapsed time spent in this place.
 B = Non-inter-level travel time spent in this place.
 C = Inter-level travel time spent in this place.
 D = Time resting spent in this place.
 E = Time spent auto-exploring this place.
 F = Levels seen in this place.
 G = Mean time per level.
                   A        B        C        D        E       F      G
               +--------+--------+--------+--------+--------+-----+--------+
         Total |    236 |    236 |      0 |      0 |    152 |   1 |  236.0 |
       Dungeon |    236 |    236 |      0 |      0 |    152 |   1 |  236.0 |
               +--------+--------+--------+--------+--------+-----+--------+

Top non-repeatable levels by time:
     D:1: 236 daAuts
